 Dungeon Crawl Stone Soup version 0.30-a0-778-g2ef04afb54 (console) character file.

Game seed: 8675583032799083659

1441 rlgrobin the Cleaver (level 9, -3/82 HPs)
             Began as a Meteoran Fighter on Feb 15, 2023.
             Was a Priest of Okawaru.
             Killed from afar by a steam dragon (8 damage)
             ... with a ball of steam
             ... on level 8 of the Dungeon.
             The game lasted 00:06:55 (1102 turns).

rlgrobin the Cleaver (Meteoran Fighter)             Turns: 1102, Time: 00:06:56

Health: -3/82      AC: 16    Str: 22    XL:     9   Next: 24%
Magic:  22/22      EV:  9    Int: 10    God:    Okawaru [***...]
Gold:   87         SH: 11    Dex: 14    Spells: 8/8 levels left

rFire   . . .      SeeInvis .    a - +1 war axe
rCold   . . .      Faith    .    c - +0 buckler
rNeg    . . .      Spirit   .    d - +0 plate armour
rPois   .          Reflect  +    (no helmet)
rElec   .          Harm     .    (no cloak)
rCorr   +          Rampage  .    (no gloves)
Will    +....                    (no boots) Stlth
                                 j - amulet of reflection
HPRegen 0.33/turn                f - ring of magical power
MPRegen 0.18/turn                i - ring of resist corrosion

@: heroic, hasted, glowing, very quick
A: sense surroundings 2, otherworldly, glowing, explore regen
a: Renounce Religion, Heroism


You were on level 8 of the Dungeon.
You worshipped Okawaru.
Okawaru was most pleased with you.
You visited 1 branch of the dungeon, and saw 9 of its levels.

You collected 87 gold pieces.

Inventory:

Hand Weapons
 a - a +1 war axe (weapon)
Armour
 c - a +0 buckler (worn)
 d - a +0 plate armour (worn)
 g - the +0 ring mail of Lugonu's Pride {rElec rCorr Int+3}
   (You found it on level 2 of the Dungeon)

   Int:       It affects your intelligence (+3).
   rElec:     It insulates you from electricity.
   rCorr:     It protects you from acid and corrosion.
Jewellery
 f - a ring of magical power (left hand)
 i - a ring of resist corrosion (right hand)
 j - an amulet of reflection (around neck)
Wands
 b - a wand of quicksilver (19)
Scrolls
 e - 4 scrolls of identify
 l - a scroll of noise {unknown}
Potions
 h - a potion of haste
 k - a potion of brilliance


   Skills:
 + Level 8.8(13.8) Fighting
 - Level 12.1(17.1) Axes
 - Level 9.4(14.4) Armour
 - Level 3.6(8.6) Shields
 + Level 4.2 Invocations


You had 8 spell levels left.
You didn't know any spells.
Your spell library contained the following spells:

 Spells                   Type           Power      Damage    Failure   Level
 Ignite Poison            Fire/Tmut/Pois 0%         N/A       100%        3
 Kindle Blastsparks       Fire/Tloc/Air  0%         2d10      100%        3
 Freezing Cloud           Conj/Ice/Air   0%         6-21      100%        5


Dungeon Overview and Level Annotations

Branches:
Dungeon (9/15) Zot: 4310
 Temple: D:4-7         Lair: D:8-11         Orc: D:9-12

Altars:
Ashenzari
Kikubaaqudgha
Okawaru
Sif Muna
Wu Jian


Innate Abilities, Weirdness & Mutations

You passively map the area around you.
You are easily found by Zot.
You glow in the dark.
You regain HP and MP as you explore.


Message History

You hit the steam dragon.
The steam dragon is moderately wounded.
You are engulfed in a cloud of scalding steam.
The steam dragon breathes steam at you. The ball of steam hits you!!
The steam dragon attacks as you move away!
You block the steam dragon's attack. x2
You closely miss the steam dragon.
The steam dragon is moderately wounded.
You are engulfed in a cloud of scalding steam.
You barely miss the steam dragon.
The steam dragon is moderately wounded.
You block the steam dragon's attack. The steam dragon barely misses you.
You hit the steam dragon.
The steam dragon is heavily wounded.
The steam dragon breathes steam at you. The ball of steam hits you!!
* * * LOW HITPOINT WARNING * * *
The steam dragon bites you.
* * * LOW HITPOINT WARNING * * *
The steam dragon claws you but does no damage.
You hit the steam dragon.
The steam dragon is heavily wounded.
You hit the steam dragon.
The steam dragon is heavily wounded.
You are engulfed in a cloud of scalding steam.
* * * LOW HITPOINT WARNING * * *
A kobold brigand comes into view.
It is wielding a +1 whip of draining and quivering poisoned darts.
The steam dragon bites you.
* * * LOW HITPOINT WARNING * * *
The steam dragon closely misses you.
You hit the steam dragon.
The steam dragon is severely wounded.
You are engulfed in a cloud of scalding steam.
* * * LOW HITPOINT WARNING * * *
You block the steam dragon's attack. The steam dragon closely misses you.
You feel yourself speed up. The steam dragon breathes steam at you.
The ball of steam hits you!
You die...

#.# #######...## *
#.## ##.....## * ,*
#>.## ##.......## * *
#####...####.........#
...........†.....§...+
,,
#####...####....§...§#
,* #..## ##......§##
#.## ##....§## * #..#
##.@.## , #.## ##D## *
#. #g# #. * #K# , #.
#D# #. ,#KKK#* * * * *
* ..gKg.. ** ~
KKD#.K.### * ,,
..g≈K##... , *


You could see a steam dragon (catching breath), an acid dragon, a kobold
brigand, 3 goblins and 5 kobolds.

Vanquished Creatures
  A water moccasin (D:7)
  2 orc warriors
  2 black bears
  A centaur (D:7)
  A bullfrog (D:8)
  A necrophage (D:6)
  3 killer bees (D:8)
  2 howler monkeys (D:7)
  A jelly (D:6)
  A hound (D:6)
  An iguana (D:6)
  6 orc wizards
  3 adders
  A white imp (D:7)
  An ufetubus (D:7)
  13 orcs
  4 ball pythons
  A bat (D:1)
  2 endoplasms
  2 hobgoblins
  2 quokkas
  2 goblins
  5 kobolds
  A rat (D:3)
59 creatures vanquished.

Vanquished Creatures (others)
  A kobold (D:8)
1 creature vanquished.

Grand Total: 60 creatures vanquished

Notes
Turn   | Place    | Note
-------+----------+-------------------------------------------
     0 | D:1      | rlgrobin the Meteoran Fighter began the quest for the Orb.
     0 | D:1      | Reached XP level 1. HP: 19/19 MP: 2/2
   140 | D:1      | Reached skill level 3 in Axes
   140 | D:1      | Reached XP level 2. HP: 22/26 MP: 3/3
   151 | D:1      | You fall into a shaft and drop 1 floor!
   186 | D:2      | Identified the +0 ring mail of Lugonu's Pride {rElec rCorr
                  | Int+3}
   248 | D:3      | Reached XP level 3. HP: 31/31 MP: 4/4
   251 | D:3      | Found a faded altar of an unknown god.
   265 | D:3      | Reached skill level 4 in Axes
   267 | D:3      | Prayed at the altar of an unknown god.
   267 | D:3      | Became a worshipper of Warmaster Okawaru
   267 | D:3      | Reached * piety under Okawaru
   306 | D:4      | Noticed a black bear
   312 | D:4      | Noticed an orc warrior
   318 | D:4      | Killed an orc warrior
   319 | D:4      | Reached skill level 6 in Axes
   319 | D:4      | Reached XP level 4. HP: 20/38 MP: 5/5
   319 | D:4      | Reached XP level 5. HP: 24/45 MP: 6/6
   320 | D:4      | Killed a black bear
   320 | D:4      | Reached ** piety under Okawaru
   321 | D:4      | Reached skill level 7 in Axes
   321 | D:4      | Reached XP level 6. HP: 27/51 MP: 7/7
   327 | D:4      | Found an ancient bone altar of Kikubaaqudgha.
   357 | D:4      | Found a shimmering blue altar of Sif Muna.
   392 | D:4      | Found an ornate altar of the Wu Jian Council.
   470 | D:5      | Entered Level 5 of the Dungeon
   519 | D:6      | Reached skill level 11 in Axes
   519 | D:6      | Reached XP level 7. HP: 26/69 MP: 8/8
   530 | D:6      | Reached skill level 1 in Invocations
   564 | D:6      | Reached XP level 8. HP: 73/75 MP: 10/10
   839 | D:7      | Found a broken altar of Ashenzari.
   906 | D:8      | Reached skill level 12 in Axes
   906 | D:8      | Gained mutation: You passively map the area around you.
                  | [Meteoran growth]
   906 | D:8      | Reached XP level 9. HP: 81/82 MP: 12/12
   906 | D:8      | Reached *** piety under Okawaru
  1101 | D:8      | HP: 4/82 [steam dragon] (1)]
  1102 | D:8      | Killed from afar by a steam dragon

Illustrated notes

Levels and vault maps discovered:
D:1:      wheals_arrival_linesprint, layout_loops_ring
D:2:      layout_basic, serial_shops, nicolae_square_shop, minmay_heptomino_o4
D:3:      layout_basic, nicolae_ecumenical_snake_handling
D:4:      layout_loops_ring, lemuel_round_altar,
          lemuel_mausoleum_altar_yredelemnul, nzn_wu_jian_contemplation,
          nicolae_overflow_hidden_temple, nicolae_kikubaaqudgha_miasma_corner,
          moated_statue, nicolae_elevator_lobby_asterisk
D:5:      layout_basic, tgw_xom, uniq_duvessa, uniq_edmund, uniq_blork_the_orc
D:6:      layout_layer_cave, mainiacjoe_overflow_alcove_1,
          minmay_temple_entry_statues, roderic_lattice_a, uniq_maggie
D:7:      layout_loops_corners, nicolae_ashenzari_skybound
D:8:      layout_loops_corners, gammafunk_ghost_wrathful_warriors,
          enter_bailey_5
D:9:      layout_irregular_city, grunt_temple_overflow_gold_and_silver,
          roderic_cross_of_infinity

Skill      XL: |  1  2  3  4  5  6  7  8  9 |
---------------+----------------------------+-----
Axes           | 3 6 7 11 12 | 12.1
Fighting       | 8 |  8.8
Armour         | 9 |  9.4
Invocations    | 1 3 4 |  4.2
Shields        | |  3.6

Action                     |  1- 3 |  4- 6 |  7- 9 || total
---------------------------+-------+-------+-------++-------
  Melee: War axe           |    56 |    25 |    98 ||   179
 Invoke: Heroism           |     1 |       |     4 ||     5
    Use: Potion            |     1 |     2 |     1 ||     4
         Scroll            |       |       |     6 ||     6
 Armour: Scale mail        |     9 |       |       ||     9
         Ring mail         |    17 |    16 |     9 ||    42
         Plate armour      |       |       |    32 ||    32
  Dodge: Dodged            |    38 |     9 |    33 ||    80
  Block: Buckler           |    16 |     5 |    41 ||    62
         Reflection        |       |       |     1 ||     1

Table legend: (Time is in decaauts)
 A = Elapsed time spent in this place.
 B = Non-inter-level travel time spent in this place.
 C = Inter-level travel time spent in this place.
 D = Time resting spent in this place.
 E = Time spent auto-exploring this place.
 F = Levels seen in this place.
 G = Mean time per level.
                   A        B        C        D        E       F      G
               +--------+--------+--------+--------+--------+-----+--------+
         Total |   1089 |   1089 |      0 |      0 |      0 |   9 |  121.0 |
       Dungeon |   1089 |   1089 |      0 |      0 |      0 |   9 |  121.0 |
               +--------+--------+--------+--------+--------+-----+--------+

Top non-repeatable levels by time:
     D:7: 248 daAuts
     D:8: 230 daAuts
     D:4: 190 daAuts
     D:1: 158 daAuts
     D:2: 94 daAuts
     D:6: 68 daAuts
     D:3: 50 daAuts
     D:5: 38 daAuts
     D:9: 9 daAuts
